 Dungeon Crawl Stone Soup version 0.23.0 (webtiles) character file.

Game seed: 12100924831656164691

26710 BarneyGumball the Severer (level 13, -17/116 HPs)
             Began as a Minotaur Berserker on Feb 21, 2019.
             Was a High Priest of Trog.
             Engulfed by a cloud of flame (22 damage)
             ... on level 6 of the Lair of Beasts.
             The game lasted 00:27:07 (16187 turns).

BarneyGumball the Severer (Minotaur Berserker)     Turns: 16187, Time: 00:27:07

Health: -17/116    AC: 19    Str: 30    XL:     13   Next: 0%
Magic:  12/12      EV:  8    Int:  4    God:    Trog [*****.]
Gold:   456        SH: 12    Dex: 10    Spells: 12/12 levels left

rFire    . . .     SeeInvis .   b - +3 broad axe
rCold    . . .     Gourm    .   H - +0 shield
rNeg     . . .     Faith    .   D - +0 plate armour
rPois    .         Spirit   .   M - +0 hat
rElec    .         Reflect  .   A - +1 cloak
rCorr    .         Harm     .   I - +0 pair of gloves
MR       .....                  (no boots)
Stlth    ..........             (no amulet)
HPRegen  0.29/turn              w - +3 ring of strength
MPRegen  0.13/turn              (no ring)

@: no status effects
A: retaliatory headbutt, horns 2
a: Berserk, Trog's Hand, Brothers in Arms, Renounce Religion


You were on level 6 of the Lair of Beasts.
You worshipped Trog.
Trog was extremely pleased with you.
You were not hungry.

You visited 2 branches of the dungeon, and saw 16 of its levels.
You also visited: Sewer.

You collected 1059 gold pieces.
You spent 603 gold pieces at shops.

Inventory:

Hand Weapons
 a - the +7 morningstar of Gallantry {venom, Dex+5}
   (You bought it in a shop on level 7 of the Dungeon)

   It poisons the flesh of those it strikes.
   It affects your dexterity (+5).
 b - a +3 broad axe (weapon)
 F - the +5 hand axe of Untimely Demise {freeze, rC+}
   (You bought it in a shop on level 7 of the Dungeon)

   It has been specially enchanted to freeze those struck by it, causing extra
   injury to most foes and up to half again as much damage against particularly
   susceptible opponents.
   It can also slow down cold-blooded creatures.
   It protects you from cold.
 P - a +3 antimagic executioner's axe
Armour
 A - a +1 cloak (worn)
 D - a +0 plate armour (worn)
 H - a +0 shield (worn)
 I - a +0 pair of gloves (worn)
 M - a +0 hat (worn)
Jewellery
 r - an uncursed ring of wizardry {unknown}
 w - a +3 ring of strength (left hand)
 E - a cursed ring of attention {unknown}
 R - an uncursed ring of fire {unknown}
 T - an uncursed ring of see invisible {unknown}
Wands
 t - a wand of digging (5)
 z - a wand of flame (28)
 C - a wand of paralysis (8)
 N - a wand of acid (18)
 S - a wand of random effects (15)
Scrolls
 d - a scroll of random uselessness {unknown}
 f - a scroll of enchant armour
 g - 12 scrolls of remove curse
 h - a scroll of enchant weapon {unknown}
 l - a scroll of fear
 n - 7 scrolls of identify
 o - 6 scrolls of teleportation
 v - a scroll of amnesia {unknown}
 y - 2 scrolls of immolation
 G - a scroll of silence {unknown}
 J - a scroll of holy word
 L - a scroll of magic mapping {unknown}
 O - 2 scrolls of noise {unknown}
 Q - 2 scrolls of fog {unknown}
Potions
 e - 6 potions of curing
 i - 4 potions of cancellation
 j - 2 potions of resistance
 k - 2 potions of haste
 m - 5 potions of flight
 p - 2 potions of ambrosia {unknown}
 q - 2 potions of magic
 s - a potion of brilliance {unknown}
 u - 3 potions of mutation
 x - a potion of berserk rage {unknown}
 B - 3 potions of lignification
Miscellaneous
 K - a phial of floods
Comestibles
 c - 12 rations


   Skills:
 + Level 11.5 Fighting
 * Level 17.2 Axes
 + Level 2.8(11.9) Maces & Flails
 + Level 12.7 Armour
 - Level 2.1 Dodging
 + Level 9.0 Shields


You had 12 spell levels left.
You didn't know any spells.
Your spell library was empty.

Dungeon Overview and Level Annotations

Branches:
Dungeon (11/15)            Temple (0/1) D:4            Lair (4/6) D:10
  Swamp (0/4) Lair:4        Snake (0/4) Lair:3          Orc (0/2) D:11

Altars:
Cheibriados
Elyvilon
Fedhas
Hepliaklqana
Kikubaaqudgha
Nemelex Xobeh
Qazlal
Ru
Yredelemnul
Zin

Shops:
D:4 [   D:7 (   D:9 [   D:10 [

Annotations:
D:4 2 transporters
D:8 Gastronok; muffledhair's ghost, novice MiBe
D:11 3 runed translucent doors, Blackhawk's ghost, journeyman HOFi
Lair:1 exclusions: 2 electric eels, 2 plants and 6 more exclusions
Lair:2 1 runed translucent door
Lair:6 Nessos


Innate Abilities, Weirdness & Mutations

You reflexively headbutt those who attack you in melee.
You have a pair of horns on your head.


Message History

Your Shields skill increases to level 9!
The fiery explosion engulfs you! Trog accepts your kill.
The fiery explosion engulfs you!!!
* * * LOW HITPOINT WARNING * * *
The fiery explosion engulfs the yak!!
You kill the yak!
Trog accepts your kill. x2
You are engulfed in blazing flames.
* * * LOW HITPOINT WARNING * * *
You hear a bellow! x3
The yak is engulfed in blazing flames.
You kill the yak!
Trog accepts your kill.
You have reached level 13!
Okay, then.
As you read the scroll labeled TEXOYN ROTOT, it crumbles to dust.
You speak a Word of immense power!
It was a scroll of holy word.
You are engulfed in blazing flames.
You die...

<..#. ..%.
...#
...###
...^.#
##....#.#
##§§§.....
#§@§§.....
##§§§...##
##§§..##
Y...#
....#
....#
.....#
#....#


You could see a yak.

Vanquished Creatures
  2 hydras
  A phantasmal warrior (D:9)
  An elephant (Lair:2)
  A black mamba (Lair:3)
  Joseph (Lair:1)
  4 spiny frogs
  A gargoyle (D:11)
  2 rime drakes (Lair:1)
  5 komodo dragons
  A freezing wraith (D:9)
  Grinder (D:3)
  2 tyrant leeches (Lair:2)
  9 blink frogs
  2 bog bodies (Lair:4)
  A hippogriff (D:11)
  2 wyverns
  4 basilisks
  A wraith (D:9)
  35 yaks
  Grum (D:8)
  2 swamp worms (Lair:2)
  A hungry ghost (D:9)
  3 vampire mosquitoes (D:10)
  4 wargs (D:11)
  14 water moccasins
  Duvessa (D:7)
  4 porcupines
  4 orc warriors
  6 sky beasts
  2 black bears
  An ice beast (D:10)
  3 ogres
  A phantom (D:4)
  2 centaurs
  4 wolves (D:8)
  4 crocodiles
  A big kobold (D:10)
  10 bullfrogs
  3 gnoll sergeants
  A wyvern skeleton (D:7)
  Dowan (D:7)
  A water moccasin skeleton (D:3)
  12 killer bees
  9 wights
  6 howler monkeys
  3 jellies
  6 crimson imps
  A bullfrog zombie (D:10)
  4 hounds
  4 centaur skeletons
  A gnoll shaman (D:10)
  4 orc priests
  3 iguanas
  Natasha (thrice) (D:3)
  10 orc wizards
  7 worker ants
  A killer bee zombie (D:7)
  2 hound zombies
  16 gnolls
  21 adders
  A howler monkey skeleton (D:11)
  2 river rats (Sewer)
  2 shadow imps
  A white imp (D:5)
  An ooze (D:1)
  An adder skeleton (D:4)
  An adder zombie (D:7)
  A worm (D:4)
  5 dart slugs
  4 leopard geckos
  49 orcs
  9 bats
  A giant cockroach (D:1)
  12 goblins
  4 hobgoblins
  3 jackals
  7 quokkas
  2 ball pythons (Sewer)
  10 frilled lizards
  A jackal skeleton (D:8)
  12 kobolds
  2 leopard gecko skeletons
  A leopard gecko zombie (D:7)
  15 rats
  4 fungi
  2 plants (Lair:3)
416 creatures vanquished.

Vanquished Creatures (collateral kills)
  A death knight (D:9)
  A torpor snail (Lair:2)
  4 tyrant leeches (Lair:2)
  A yak (D:10)
  A vampire mosquito (D:10)
  4 swamp worms (Lair:2)
  4 orcs (D:10)
16 creatures vanquished.

Vanquished Creatures (others)
  5 fungi
  7 plants
  11 toadstools (Lair:2)
23 creatures vanquished.

Grand Total: 455 creatures vanquished

Notes
Turn   | Place    | Note
-------+----------+-------------------------------------------
     0 | D:1      | BarneyGumball the Minotaur Berserker began the quest for
                  | the Orb.
     0 | D:1      | Reached XP level 1. HP: 19/19 MP: 0/0
   137 | D:1      | Reached skill level 4 in Axes
   152 | D:1      | Reached XP level 2. HP: 19/26 MP: 1/1
   719 | D:1      | Reached XP level 3. HP: 27/31 MP: 2/2
  1157 | D:2      | Reached skill level 5 in Axes
  1401 | D:2      | Reached ** piety under Trog
  1791 | D:3      | Found a snail-covered altar of Cheibriados.
  1842 | D:3      | Found a glowing drain.
  1846 | D:3      | Reached XP level 4. HP: 29/39 MP: 3/3
  1955 | Sewer    | Entered a sewer
  2447 | D:3      | Reached skill level 6 in Axes
  2447 | D:3      | Reached XP level 5. HP: 45/45 MP: 4/4
  2528 | D:3      | Found a white marble altar of Elyvilon.
  2602 | D:3      | Noticed Natasha
  2613 | D:3      | Killed Natasha
  2827 | D:3      | Noticed Natasha
  2834 | D:3      | Killed Natasha
  3093 | D:3      | Found a sparkling altar of Nemelex Xobeh.
  3111 | D:3      | Noticed Natasha
  3123 | D:3      | Killed Natasha
  3552 | D:3      | Reached skill level 7 in Axes
  3552 | D:3      | Reached XP level 6. HP: 37/51 MP: 5/5
  3635 | D:3      | Noticed Grinder
  3647 | D:3      | Killed Grinder
  3647 | D:3      | Reached skill level 8 in Axes
  3647 | D:3      | Reached skill level 5 in Armour
  3839 | D:4      | Found a transporter.
  3847 | D:4      | Reached XP level 7. HP: 53/57 MP: 6/6
  3898 | D:4      | Found a staircase to the Ecumenical Temple.
  3909 | D:4      | Reached *** piety under Trog
  4035 | D:4      | Found Ateoc's Antique Armour Boutique.
  4049 | D:4      | Received a gift from Trog
  4388 | D:4      | Found a transporter.
  4454 | D:5      | Entered Level 5 of the Dungeon
  4497 | D:5      | Reached skill level 9 in Axes
  4881 | D:5      | Reached XP level 8. HP: 61/64 MP: 7/7
  5037 | D:5      | Reached skill level 10 in Axes
  5633 | D:6      | Found a stormy altar of Qazlal.
  5725 | D:6      | Reached skill level 11 in Axes
  5783 | D:6      | Reached skill level 5 in Fighting
  6122 | D:6      | Reached **** piety under Trog
  6124 | D:6      | Reached XP level 9. HP: 53/74 MP: 8/8
  6449 | D:6      | Found a sacrificial altar of Ru.
  6562 | D:4      | Bought a glowing buckler for 195 gold pieces
  6847 | D:7      | Noticed Duvessa
  6847 | D:7      | Noticed Dowan
  6870 | D:7      | Killed Dowan
  6871 | D:7      | Killed Duvessa
  6881 | D:7      | Reached skill level 12 in Axes
  6978 | D:7      | Found an ancient bone altar of Kikubaaqudgha.
  7025 | D:7      | Found a glowing silver altar of Zin.
  7204 | D:7      | Found Kahuafis's Antique Weapon Boutique.
  7209 | D:7      | Bought a pitted hand axe for 192 gold pieces
  7209 | D:7      | Identified the +5 hand axe of Untimely Demise {freeze, rC+}
                  | (You bought it in a shop on level 7 of the Dungeon)
  7394 | D:7      | Found a hazy altar of Hepliaklqana.
  7913 | D:8      | Found a basalt altar of Yredelemnul.
  7920 | D:8      | Noticed Grum
  7934 | D:8      | Killed Grum
  7988 | D:8      | Reached ***** piety under Trog
  7989 | D:8      | Noticed Gastronok
  8079 | D:8      | Reached skill level 13 in Axes
  8119 | D:8      | Found a blossoming altar of Fedhas.
  8274 | D:8      | Reached XP level 10. HP: 79/86 MP: 9/9
  8492 | D:8      | Noticed muffledhair's ghost (novice MiBe)
  8562 | D:9      | Reached skill level 1 in Shields
  8669 | D:9      | Found Sitoutta's Antique Armour Emporium.
  8874 | D:9      | Received a gift from Trog
  8924 | D:9      | Noticed a phantasmal warrior
  8934 | D:9      | Killed a phantasmal warrior
  8934 | D:9      | Reached skill level 10 in Armour
  8984 | D:9      | Noticed a death knight
  9008 | D:9      | Killed a death knight
  9008 | D:9      | Reached skill level 14 in Axes
  9531 | D:10     | Entered Level 10 of the Dungeon
  9562 | D:10     | Found a flagged portal.
  9679 | D:10     | Reached XP level 11. HP: 72/95 MP: 10/10
  9875 | D:10     | Found Raekoll's Armour Shoppe.
  9935 | D:10     | Found a staircase to the Lair.
 10013 | D:10     | Reached skill level 5 in Shields
 10672 | D:11     | Noticed an orc knight
 10685 | D:11     | Found a large runed translucent door.
 10685 | D:11     | Found a large runed translucent door.
 10746 | D:11     | Found a staircase to the Orcish Mines.
 10766 | D:11     | Found a runed translucent door.
 10770 | D:11     | Noticed Blackhawk's ghost (journeyman HOFi)
 10823 | D:11     | Reached skill level 15 in Axes
 11068 | D:11     | Found a sacrificial altar of Ru.
 11069 | D:11     | Noticed an eight-headed hydra
 11105 | D:11     | Identified the +1 spear "Nazelyz" {holy, +Rage}
 11171 | D:7      | Bought an ancient morningstar for 216 gold pieces
 11171 | D:7      | Identified the +7 morningstar of Gallantry {venom, Dex+5}
                  | (You bought it in a shop on level 7 of the Dungeon)
 11232 | Lair:1   | Entered Level 1 of the Lair of Beasts
 11736 | Lair:1   | Noticed Joseph
 11757 | Lair:1   | Killed Joseph
 11757 | Lair:1   | Reached skill level 10 in Fighting
 12820 | Lair:2   | Received a gift from Trog
 13046 | Lair:2   | Reached XP level 12. HP: 107/107 MP: 11/11
 13080 | Lair:2   | Reached skill level 16 in Axes
 14039 | Lair:2   | Noticed a catoblepas
 14039 | Lair:2   | Noticed a catoblepas
 14114 | Lair:2   | Found a runed translucent door.
 14664 | Lair:3   | Found a staircase to the Snake Pit.
 14815 | Lair:3   | Noticed a five-headed hydra
 14822 | Lair:3   | Killed a five-headed hydra
 15607 | Lair:4   | Noticed a four-headed hydra
 15615 | Lair:4   | Killed a four-headed hydra
 15773 | Lair:4   | Reached skill level 1 in Maces & Flails
 15786 | Lair:4   | Reached skill level 17 in Axes
 15979 | Lair:4   | Received a gift from Trog
 15996 | Lair:4   | Found a staircase to the Swamp.
 16176 | Lair:4   | You fall through a shaft for 2 floors!
 16176 | Lair:6   | Entered Level 6 of the Lair of Beasts
 16184 | Lair:6   | Noticed Nessos
 16186 | Lair:6   | HP: 4/110 [cloud of flame (18)]
 16186 | Lair:6   | Reached XP level 13. HP: 5/116 MP: 12/12
 16187 | Lair:6   | Engulfed by a cloud of flame

Skill      XL: |  1  2  3  4  5  6  7  8  9 10 11 12 |
---------------+-------------------------------------+-----
Axes           | 4 5 6 7 8 9 11 13 14 15 17 | 17.2
Armour         | 3 4 5 6 8 9 10 11 12 | 12.7
Fighting       | 5 7 8 10 11 | 11.5
Shields        | 4 7 9 |  9.0
Maces & Flails | 2 |  2.8
Dodging        | |  2.1

Action                   |  1- 3 |  4- 6 |  7- 9 | 10-12 | 13-15 || total
-------------------------+-------+-------+-------+-------+-------++-------
Melee: Hand axe          |    80 |   124 |   371 |    82 |       ||   657
       Headbutt          |    11 |    20 |    62 |   133 |       ||   226
       Broad axe         |       |       |       |   481 |       ||   481
       Morningstar       |       |       |       |     8 |       ||     8
Throw: Throwing net      |       |       |       |     1 |       ||     1
Invok: Berserk           |       |     4 |     9 |     8 |       ||    21
       Trog's Hand       |       |     1 |     1 |       |       ||     2
       Brothers in Arms  |       |       |       |     5 |       ||     5
  Use: Scroll            |       |       |     7 |    11 |     1 ||    19
       Potion            |       |       |       |     2 |       ||     2
 Stab: Distracted        |       |     1 |       |       |       ||     1
       Held in net/web   |       |       |       |     1 |       ||     1
  Eat: Chunk             |     2 |     6 |    15 |    19 |       ||    42
       Ration            |     1 |     1 |     2 |     5 |       ||     9
Armor: Animal skin       |     6 |       |       |       |       ||     6
       Ring mail         |    20 |    17 |       |       |       ||    37
       Chain mail        |       |    41 |    41 |       |       ||    82
       Plate armour      |       |       |   130 |   224 |       ||   354
Dodge: Dodged            |    43 |    56 |   103 |   132 |       ||   334
Block: Buckler           |       |       |    27 |       |       ||    27
       Shield            |       |       |     3 |   254 |       ||   257
